 Dungeon Crawl Stone Soup version 0.30-a0-760-g5a9884bb7c (webtiles) character file.

Game seed: 10084084950501513500

3296 boo the Carver (level 9, -1/82 HPs)
             Began as a Minotaur Fighter on Feb 11, 2023.
             Was a Priest of Okawaru.
             Slain by a water moccasin (6 damage)
             ... on level 8 of the Dungeon.
             The game lasted 00:09:14 (5250 turns).

boo the Carver (Minotaur Fighter)                   Turns: 5250, Time: 00:09:15

Health: -1/82      AC: 13    Str: 25    XL:     9   Next: 70%
Magic:  8/8        EV: 10    Int:  5    God:    Okawaru [***...]
Gold:   305        SH:  5    Dex: 10    Spells: 8/8 levels left

rFire   . . .      SeeInvis +    a - +0 long sword
rCold   . . .      Faith    .    c - +0 buckler
rNeg    . . .      Spirit   .    y - +0 steam dragon scales
rPois   .          Reflect  .    (helmet restricted)
rElec   .          Harm     .    i - +0 cloak
rCorr   .          Rampage  .    t - +0 pair of gloves
Will    .....                    (no boots)
Stlth   +                        (no amulet)
HPRegen 0.33/turn                o - +4 ring of protection
MPRegen 0.11/turn                D - ring of see invisible

@: no status effects
A: horns 2, retaliatory headbutt
a: Renounce Religion, Heroism


You were on level 8 of the Dungeon.
You worshipped Okawaru.
Okawaru was most pleased with you.
You visited 2 branches of the dungeon, and saw 7 of its levels.

You collected 305 gold pieces.

Inventory:

Hand Weapons
 a - a +0 long sword (weapon)
 v - a +0 great sword
Missiles
 g - 2 javelins (quivered)
 E - 2 throwing nets
Armour
 b - a +0 scale mail
 c - a +0 buckler (worn)
 i - a +0 cloak (worn)
 t - a +0 pair of gloves (worn)
 y - +0 steam dragon scales (worn)
Jewellery
 o - a +4 ring of protection (left hand)
 u - a ring of flight
 B - a ring of ice
 D - a ring of see invisible (right hand)
 G - a +4 ring of protection
Wands
 A - a wand of quicksilver (9)
 J - a wand of roots (8)
 L - a wand of flame (26)
Scrolls
 d - a scroll of brand weapon
 f - a scroll of acquirement
 h - a scroll of fog
 j - a scroll of teleportation
 l - 3 scrolls of torment {unknown}
 n - a scroll of enchant weapon {unknown}
 p - a scroll of butterflies {unknown}
 r - a scroll of poison {unknown}
 C - a scroll of silence {unknown}
 K - a scroll of fear {unknown}
 M - a scroll of blinking {unknown}
Potions
 e - a potion of cancellation
 m - 3 potions of curing {unknown}
 q - a potion of haste {unknown}
 s - 2 potions of lignification {unknown}
 w - a potion of heal wounds {unknown}
 x - a potion of brilliance {unknown}
 z - a potion of mutation {unknown}
 F - a potion of magic {unknown}
 H - a potion of might
 I - 3 potions of attraction {unknown}


   Skills:
 + Level 8.6 Fighting
 * Level 11.2 Long Blades
 + Level 3.2 Throwing
 + Level 8.6 Armour
 - Level 5.0 Shields


You had 8 spell levels left.
You didn't know any spells.
Your spell library contained the following spells:

 Spells                   Type           Power      Damage    Failure   Level
 Apportation              Tloc           0%         N/A       56%         1
 Necrotise                Necr           0%         1d4       56%         1
 Shock                    Conj/Air       0%         1d3       56%         1
 Ensorcelled Hibernation  Hex/Ice        0%         N/A       71%         2
 Passwall                 Tmut/Erth      0%         N/A       71%         2
 Swiftness                Air            0%         N/A       90%         3
 Airstrike                Air            0%         2d(0-16)  100%        4
 Summon Small Mammal      Summ           Unusable   N/A       N/A         1

Dungeon Overview and Level Annotations

Branches:
Dungeon (8/15)             Temple (1/1) D:7
   Lair: D:8-11

Altars:
Ashenzari
Cheibriados
Dithmenos
Elyvilon
Gozag
Makhleb
Okawaru
Qazlal
Trog
Uskayaw
Vehumet
Xom
Zin
The Shining One

Annotations:
D:7 exclusion: downstairs


Innate Abilities, Weirdness & Mutations

You have a pair of horns on your head.
You reflexively headbutt those who attack you in melee.


Message History

You slash the two-headed ogre!
The two-headed ogre is moderately wounded.
You feel sick.
The water moccasin completely misses you.
You block the two-headed ogre's attack.
The two-headed ogre hits you with a +0 giant spiked club.
* * * LOW HITPOINT WARNING * * *
You slash the two-headed ogre!
You headbutt the two-headed ogre, but do no damage.
The two-headed ogre is heavily wounded.
You feel sick.
The water moccasin bites you but does no damage.
The two-headed ogre hits you with a +0 giant club!
* * * LOW HITPOINT WARNING * * *
You block the two-headed ogre's attack. The water moccasin barely misses you.
You slash the two-headed ogre!
The two-headed ogre is severely wounded.
You feel sick.
You are no longer poisoned.
The water moccasin bites you but does no damage.
You hit the two-headed ogre.
The two-headed ogre is severely wounded.
You block the water moccasin's attack. The two-headed ogre closely misses you.
The two-headed ogre hits you with a +0 giant spiked club.
* * * LOW HITPOINT WARNING * * *
You hit the two-headed ogre but do no damage.
You headbutt the two-headed ogre, but do no damage.
The two-headed ogre is severely wounded.
You block the water moccasin's attack.
You barely miss the two-headed ogre.
The two-headed ogre is severely wounded.
The water moccasin barely misses you. You furiously retaliate!
You headbutt the water moccasin.
The two-headed ogre hits you with a +0 giant club.
* * * LOW HITPOINT WARNING * * *
The two-headed ogre barely misses you.
You slash the two-headed ogre!
The two-headed ogre is almost dead.
The water moccasin bites you.
You die...

+.......... .
#........## .O
#........# ...
#........# .......
........# ........###
### ###...######
........#8###8###⌠##.#
####
.........!.......###.
#...
.............S@....#
#...
.............O.....##
+...
..............###+..8#
###...
.....................##
......
...............###...#
##.### ...............#
#...# #.
...............###...8#
#
.....................##
z..............###.#.#


You could see a two-headed ogre and a water moccasin.

Vanquished Creatures
  A two-headed ogre (D:8)
  A wyvern (D:7)
  A steam dragon (D:7)
  Menkaure (D:7)
  An acid dragon (D:8)
  A water moccasin (D:7)
  2 sky beasts (D:7)
  An orc warrior (D:7)
  2 black bears (D:4)
  An ice beast (D:7)
  2 centaurs (D:7)
  A bullfrog (D:7)
  3 kobold brigands
  2 necrophages
  A scorpion (D:4)
  10 wights
  A howler monkey (D:4)
  A hound (D:7)
  A gnoll bouda (D:7)
  2 orc priests (D:7)
  An iguana (D:4)
  2 orc wizards (D:7)
  5 gnolls (D:7)
  7 adders
  2 white imps (D:7)
  An ufetubus (D:4)
  2 worms
  4 dart slugs
  8 orcs
  4 ball pythons
  5 bats
  7 endoplasms
  2 giant cockroaches
  4 goblins
  8 hobgoblins
  7 jackals
  15 kobolds
  3 quokkas
  5 frilled lizards
  5 rats
133 creatures vanquished.

Notes
Turn   | Place    | Note
-------+----------+-------------------------------------------
     0 | D:1      | boo the Minotaur Fighter began the quest for the Orb.
     0 | D:1      | Reached XP level 1. HP: 19/19 MP: 0/0
   422 | D:1      | Reached XP level 2. HP: 27/27 MP: 1/1
   488 | D:1      | Reached skill level 3 in Long Blades
   948 | D:2      | Reached XP level 3. HP: 29/33 MP: 2/2
  1563 | D:2      | Reached XP level 4. HP: 40/40 MP: 3/3
  1764 | D:3      | Reached skill level 4 in Long Blades
  2405 | D:4      | Reached XP level 5. HP: 40/47 MP: 4/4
  2556 | D:4      | Noticed a black bear
  2574 | D:4      | Killed a black bear
  2575 | D:4      | Reached skill level 5 in Long Blades
  2575 | D:4      | Reached XP level 6. HP: 54/55 MP: 5/5
  2577 | D:4      | Reached skill level 5 in Fighting
  2577 | D:4      | Reached skill level 5 in Armour
  2577 | D:4      | Reached skill level 5 in Shields
  2628 | D:4      | Reached skill level 6 in Long Blades
  2746 | D:4      | Reached XP level 7. HP: 61/61 MP: 6/6
  2770 | D:4      | You are sucked into a shaft and drop 3 floors!
  2824 | D:7      | Noticed a steam dragon
  2827 | D:7      | Reached skill level 7 in Long Blades
  2841 | D:7      | Killed a steam dragon
  2936 | D:7      | Found a staircase to the Ecumenical Temple.
  2947 | Temple   | Entered the Ecumenical Temple
  2979 | Temple   | Became a worshipper of Warmaster Okawaru
  3003 | D:7      | Reached XP level 8. HP: 63/71 MP: 7/7
  3144 | D:7      | Noticed Menkaure
  3146 | D:7      | Identified a scroll of acquirement
  3156 | D:7      | Reached skill level 8 in Long Blades
  3158 | D:7      | Killed Menkaure
  3158 | D:7      | Reached * piety under Okawaru
  3170 | D:7      | Found a glowing silver altar of Zin.
  3280 | D:7      | Found a burning altar of Makhleb.
  3286 | D:7      | Found a shimmering altar of Xom.
  3359 | D:7      | Reached skill level 9 in Long Blades
  3801 | D:7      | Reached ** piety under Okawaru
  3809 | D:7      | Reached skill level 1 in Throwing
  3814 | D:7      | Reached XP level 9. HP: 20/80 MP: 8/8
  3823 | D:7      | HP: 4/80 [poisoned by a kobold]
  4105 | D:7      | Reached skill level 10 in Long Blades
  4184 | D:7      | Found a white marble altar of Elyvilon.
  4514 | D:8      | Noticed a two-headed ogre
  4527 | D:8      | Killed a two-headed ogre
  4527 | D:8      | Reached *** piety under Okawaru
  4806 | D:8      | Reached skill level 11 in Long Blades
  5230 | D:8      | Noticed a two-headed ogre
  5250 | D:8      | Slain by a water moccasin

Illustrated notes

Levels and vault maps discovered:
D:1:      psy_arrival_wood_between_worlds, layout_basic
D:2:      layout_basic, kennysheep_generic_room_9
D:3:      layout_loops_cross
D:4:      layout_rooms, serial_shops, nicolae_take_the_stairs,
          minmay_small_thing
D:7:      layout_loops_ring, mainiacjoe_overflow_brackets,
          minmay_overflow_temple_star_quad, minmay_temple_entry_arrows,
          minmay_chambers_of_fives, uniq_menkaure
D:8:      layout_basic, serial_corexii_hall, corexii_hall_statues_l,
          corexii_hall_statues_u, chequers_hall_statues_wall_a,
          chequers_hall_statues_corner_a
Temple:   compressed_dpeg_circular_temple

Skill      XL: |  1  2  3  4  5  6  7  8  9 |
---------------+----------------------------+-----
Long Blades    | 3 4 5 6 7 9 11 | 11.2
Armour         | 4 5 6 7 8 |  8.6
Shields        | 4 5 |  5.0
Fighting       | 4 5 6 7 8 |  8.6
Throwing       | 1 3 |  3.2

Action                     |  1- 3 |  4- 6 |  7- 9 || total
---------------------------+-------+-------+-------++-------
  Melee: Long sword        |    98 |   106 |   268 ||   472
         Headbutt          |    10 |    19 |    63 ||    92
 Invoke: Heroism           |       |       |     1 ||     1
    Use: Scroll            |       |     4 |     5 ||     9
         Potion            |       |     1 |       ||     1
 Armour: Scale mail        |    36 |    56 |    88 ||   180
         Steam dragon scal |       |       |    55 ||    55
  Dodge: Dodged            |    46 |    36 |    96 ||   178
  Block: Buckler           |    31 |    18 |    67 ||   116

Table legend: (Time is in decaauts)
 A = Elapsed time spent in this place.
 B = Non-inter-level travel time spent in this place.
 C = Inter-level travel time spent in this place.
 D = Time resting spent in this place.
 E = Time spent auto-exploring this place.
 F = Levels seen in this place.
 G = Mean time per level.
                   A        B        C        D        E       F      G
               +--------+--------+--------+--------+--------+-----+--------+
         Total |   5293 |   5143 |    150 |   1354 |   2755 |   7 |  756.1 |
       Dungeon |   5246 |   5096 |    150 |   1354 |   2736 |   6 |  874.3 |
        Temple |     46 |     46 |      0 |      0 |     19 |   1 |   46.0 |
               +--------+--------+--------+--------+--------+-----+--------+

Top non-repeatable levels by time:
     D:7: 1889 daAuts
     D:2: 915 daAuts
     D:3: 828 daAuts
     D:1: 682 daAuts
     D:8: 540 daAuts
     D:4: 390 daAuts
  Temple: 46 daAuts
